 Dungeon Crawl Stone Soup version 0.30-a0-702-gdf48620a09 (webtiles) character file.

Game seed: 16188158324976557607

165 M4edhros the Charlatan (level 5, 0/35 HPs)
             Began as an Octopode Artificer on Jan 20, 2023.
             Slain by a gnoll
             ... wielding a +0 whip
              (10 damage)
             ... on level 5 of the Dungeon on Jan 21, 2023.
             The game lasted 00:03:52 (677 turns).

M4edhros the Charlatan (Octopode Artificer)          Turns: 677, Time: 00:03:53

Health: 0/35       AC:  1    Str: 11    XL:     5   Next: 46%
Magic:  5/5        EV: 14    Int: 14    God:
Gold:   19         SH:  0    Dex: 14    Spells: 4/4 levels left

rFire   . . .      SeeInvis .    (no weapon)
rCold   . . .      Faith    .    (no shield)
rNeg    . . .      Spirit   .    (helmet restricted)
rPois   .          Reflect  .    (no amulet)
rElec   .          Harm     .    (no ring)
rCorr   .          Rampage  .    (no ring)
Will    .....                    (no ring)
Stlth   +++                      (no ring)
HPRegen 0.25/turn                (no ring)
MPRegen 0.09/turn                (no ring)
                                 (no ring)
                                 (no ring)

@: no status effects
A: almost no armour, amphibious, 8 rings, camouflage 1, gelatinous body 1,
(nimble swimmer 1), tentacles
a: no special abilities


You were on level 5 of the Dungeon.
You visited 1 branch of the dungeon, and saw 5 of its levels.

You collected 59 gold pieces.
You spent 40 gold pieces at shops.

Inventory:

Missiles
 i - 7 poisoned darts
Wands
 b - a wand of flame (15) (quivered)
 c - a wand of charming (20)
 d - a wand of iceblast (5)
Scrolls
 e - 2 scrolls of identify {unknown}
 f - 2 scrolls of fog {unknown}
 j - a scroll of poison
 k - a scroll of teleportation {unknown}
Potions
 a - a potion of magic {unknown}
 g - a potion of lignification {unknown}
 h - a potion of resistance {unknown}
 l - a potion of degeneration {unknown}


   Skills:
 + Level 2.5 Fighting
 + Level 3.4 Dodging
 + Level 3.7 Stealth
 + Level 4.3 Evocations


You had 4 spell levels left.
You didn't know any spells.
Your spell library contained the following spells:

 Spells                   Type           Power      Damage    Failure   Level
 Shock                    Conj/Air       0%         1d3       28%         1
 Swiftness                Air            0%         N/A       65%         3
 Airstrike                Air            0%         2d(0-16)  96%         4


Dungeon Overview and Level Annotations

Branches:
Dungeon (5/15)
 Temple: D:4-7

Altars:

Shops:
D:3 ?


Innate Abilities, Weirdness & Mutations

You cannot wear most types of armour.
You are amphibious.
You can wear up to eight rings at the same time.
Your skin changes colour to match your surroundings (Stealth+).
Your rubbery body absorbs attacks. (AC +1, EV +1)
((You are camouflaged when in or above water. (Stealth+)))
You have tentacles for arms and can constrict up to eight enemies at once.


Message History

The gnoll hits you with a +0 spear.
You tentacle-slap the gnoll. Your grab misses the gnoll.
The gnoll is lightly wounded.
The gnoll completely misses you.
You tentacle-slap the gnoll but do no damage.
You grab the gnoll.
The gnoll is lightly wounded.
You constrict the gnoll, but do no damage.
The gnoll hits you with a +0 spear.
You tentacle-slap the gnoll but do no damage.
You squeeze the gnoll.
The gnoll is moderately wounded.
You constrict the gnoll.
The gnoll shouts!
The gnoll hits you with a +0 spear.
You tentacle-slap the gnoll.
The gnoll is moderately wounded.
You constrict the gnoll. The gnoll misses you.
You tentacle-slap the gnoll but do no damage.
The gnoll is heavily wounded.
You constrict the gnoll. The gnoll misses you.
You tentacle-slap the gnoll.
The gnoll is severely wounded.
You constrict the gnoll. The gnoll hits you with a +0 spear.
You tentacle-slap the gnoll but do no damage.
The gnoll is almost dead.
You constrict the gnoll.
You kill the gnoll!
You barely miss the gnoll. You grab the gnoll.
You squeeze the gnoll, but do no damage.
You constrict the gnoll, but do no damage.
The gnoll hits you with a +0 whip.
You tentacle-slap the gnoll.
The gnoll is lightly wounded.
You constrict the gnoll. The gnoll hits you with a +0 whip.
* * * LOW HITPOINT WARNING * * *
You tentacle-slap the gnoll.
The gnoll is moderately wounded.
You constrict the gnoll. The gnoll hits you with a +0 whip!
You die...

### #.##### ......#
#.###.# .
#.###.##############...#
#.##............@gg..?..
......##############...#
#####.# # # #.# # #.#
### #.# ... ..# #######
#


You could see 2 gnolls.

Vanquished Creatures
  A scorpion (D:5)
  A hound (D:5)
  An iguana (D:4)
  2 gnolls
  A dart slug (D:1)
  4 bats
  2 endoplasms
  A hobgoblin (D:2)
  2 ball pythons
  3 frilled lizards
  2 goblins (D:4)
  A kobold (D:3)
21 creatures vanquished.

Vanquished Creatures (collateral kills)
  An iguana (D:5)
  An orc wizard (D:5)
  3 orcs (D:5)
5 creatures vanquished.

Vanquished Creatures (others)
  An orc priest (D:5)
  A withered plant (D:2)
2 creatures vanquished.

Grand Total: 28 creatures vanquished

Notes
Turn   | Place    | Note
-------+----------+-------------------------------------------
     0 | D:1      | M4edhros the Octopode Artificer began the quest for the
                  | Orb.
     0 | D:1      | Reached XP level 1. HP: 13/13 MP: 1/1
     1 | D:1      | Upgraded the game from 0.30-a0-694-g3340775977 to
                  | 0.30-a0-702-gdf48620a09
    91 | D:1      | Reached XP level 2. HP: 9/18 MP: 2/2
   263 | D:2      | Found a faded altar of an unknown god.
   283 | D:2      | You fall into a shaft and drop 1 floor!
   348 | D:3      | Reached XP level 3. HP: 21/23 MP: 3/3
   362 | D:3      | Found Delid's Magic Scroll Emporium.
   374 | D:3      | Bought a scroll of poison for 40 gold pieces
   496 | D:5      | Entered Level 5 of the Dungeon
   496 | D:5      | Noticed a scorpion
   505 | D:5      | Reached XP level 4. HP: 19/29 MP: 4/4
   507 | D:5      | Reached skill level 4 in Evocations
   521 | D:5      | Killed a scorpion
   522 | D:5      | Reached XP level 5. HP: 22/35 MP: 5/5
   677 | D:5      | Slain by a gnoll

Illustrated notes

Levels and vault maps discovered:
D:1:      lightli_arrival_isolated_outpost, layout_loops_ring
D:2:      layout_loops_ring, basic_altar, ebering_ecumenical_altar_petrified,
          minmay_misc_feat_room
D:3:      layout_loops_ring, serial_shops, nicolae_shop_waterfront
D:4:      layout_basic, vehumet_altar_wand_db, serial_shops, shop
D:5:      layout_loops_ring, worldfamousw_hep_ancestral_shrine,
          nicolae_overflow_hidden_temple, minmay_temple_entry_enclosed_plants

Skill      XL: |  1  2  3  4 |
---------------+-------------+-----
Stealth        | 2 3 |  3.7
Dodging        | 3 |  3.4
Fighting       | 2 |  2.5
Evocations     | 4 |  4.3

Action                   |  1- 3 |  4- 6 || total
-------------------------+-------+-------++-------
Melee: Unarmed           |    55 |    26 ||    81
       Constrict         |    15 |     6 ||    21
       Tentacles         |     8 |     7 ||    15
       Punch             |     2 |     1 ||     3
Evoke: Wand              |     3 |       ||     3
 Stab: Sleeping          |     4 |       ||     4
Armor: Skin              |     6 |       ||     6
Dodge: Dodged            |    57 |    14 ||    71

Table legend: (Time is in decaauts)
 A = Elapsed time spent in this place.
 B = Non-inter-level travel time spent in this place.
 C = Inter-level travel time spent in this place.
 D = Time resting spent in this place.
 E = Time spent auto-exploring this place.
 F = Levels seen in this place.
 G = Mean time per level.
                   A        B        C        D        E       F      G
               +--------+--------+--------+--------+--------+-----+--------+
         Total |    676 |    660 |     16 |      0 |     76 |   5 |  135.2 |
       Dungeon |    676 |    660 |     16 |      0 |     76 |   5 |  135.2 |
               +--------+--------+--------+--------+--------+-----+--------+

Top non-repeatable levels by time:
     D:5: 179 daAuts
     D:1: 150 daAuts
     D:2: 132 daAuts
     D:4: 109 daAuts
     D:3: 104 daAuts
